 Dungeon Crawl Stone Soup version 0.23.2-33-g5129a83184 (webtiles) character file.

Game seed: 4431909508429716111

8276 psyvane the Basher (level 11, -3/86 HPs)
             Began as a Demonspawn Wanderer on July 19, 2019.
             Was a Follower of Uskayaw.
             Slain by a killer bee (5 damage)
             ... on level 8 of the Dungeon.
             The game lasted 00:31:20 (8343 turns).

psyvane the Basher (Demonspawn Wanderer)            Turns: 8343, Time: 00:31:24

Health: -3/86      AC: 12    Str: 20 (21) XL:     11   Next: 7%
Magic:  12/17      EV:  9    Int:  8 (11) God:    Uskayaw [*.....]
Gold:   459        SH:  0    Dex: 13 (15) Spells: 10/10 levels left

rFire    . . .     SeeInvis +   y - +0 morningstar
rCold    . . .     Gourm    .   (no shield)
rNeg     . . .     Faith    .   A - +1 plate armour
rPois    .         Spirit   .   (helmet unavailable)
rElec    .         Reflect  .   (no cloak)
rCorr    +         Harm     .   v - +0 pair of gloves
MR       .....                  (no boots)
Stlth    ..........             g - amulet of rage
HPRegen  0.24/turn              C - ring of resist corrosion
MPRegen  0.15/turn              (no ring)

@: mighty, lethally poisoned (-3 -> -8)
A: antennae 3, repulsion field 2, nightstalker 1
a: Stomp, Renounce Religion, Evoke Berserk Rage


You were on level 8 of the Dungeon.
You worshipped Uskayaw.
Uskayaw was aware of your devotion.
You were hungry.

You visited 2 branches of the dungeon, and saw 9 of its levels.

You collected 459 gold pieces.

Inventory:

Hand Weapons
 a - a +0 short sword
 d - a +0 dagger
 i - a +2 whip of electrocution
 k - a +2 hunting sling of freezing
 y - a +0 morningstar (weapon)
Armour
 n - a +0 shield
 v - a +0 pair of gloves (worn)
 A - a +1 plate armour (worn)
 B - a +2 ring mail of fire resistance
Magical Staves
 z - an uncursed staff of cold {unknown}
Jewellery
 g - an amulet of rage (around neck)
 m - an uncursed ring of fire
 q - an uncursed amulet of the gourmand
 C - a ring of resist corrosion (left hand)
Wands
 r - a wand of flame (8)
 w - a wand of random effects (8)
Scrolls
 h - 6 scrolls of remove curse
 o - 3 scrolls of identify
 p - a scroll of magic mapping
Potions
 e - 2 potions of haste
 j - a potion of brilliance
 l - a potion of agility
 s - a potion of flight {unknown}
 t - a potion of resistance
Comestibles
 f - 21 rations


   Skills:
 * Level 8.2 Fighting
 - Level 1.0 Short Blades
 * Level 12.2 Maces & Flails
 - Level 1.0 Throwing
 - Level 1.7 Armour
 - Level 2.3 Dodging
 - Level 1.7 Stealth
 - Level 9.2 Invocations


You had 10 spell levels left.
You didn't know any spells.
Your spell library contained the following spells:

 Spells                   Type           Power        Failure   Level  Hunger
 Beastly Appendage        Tmut           #.....       100%        1    ##.....
 Freeze                   Ice            #...         100%        1    ##.....
 Sticks to Snakes         Tmut           #.......     100%        2    ###....
 Throw Frost              Conj/Ice       #.....       100%        2    ###....
 Ozocubu's Armour         Chrm/Ice       #.......     100%        3    ####...
 Spider Form              Tmut/Pois      #.........   100%        3    ####...
 Ice Form                 Ice/Tmut       #.......     100%        4    #####..
 Summon Ice Beast         Ice/Summ       #.......     100%        4    #####..
 Throw Icicle             Conj/Ice       #.......     100%        4    #####..
 Blade Hands              Tmut           #.........   100%        5    ######.


Dungeon Overview and Level Annotations

Branches:
Dungeon (8/15)             Temple (1/1) D:6            Lair (0/6) D:8

Altars:
Ashenzari
Cheibriados
Dithmenos
Elyvilon
Fedhas
Gozag
Hepliaklqana
Kikubaaqudgha
Makhleb
Nemelex Xobeh
Okawaru
Qazlal
Ru
Sif Muna
Trog
Uskayaw
Vehumet
Wu Jian
Xom
Yredelemnul
Zin
The Shining One

Shops:
D:7 (

Annotations:
D:6 1 runed translucent door, Pneumon's ghost, novice MiBe


Innate Abilities, Weirdness & Mutations

You have a pair of large antennae on your head. (SInv)
You are surrounded by a moderate repulsion field. (EV +3)
You are slightly more attuned to the shadows.


Message History

The killer bee barely misses you.
The killer bee stings you but does no damage.
The killer bee closely misses you. The killer bee stings you.
* * * LOW HITPOINT WARNING * * *
You are lethally poisoned!
The killer bee poisons you!
There is a stone staircase leading up, spattered with blood here.
Okay, then.
Okay, then.
Okay, then.
There's nothing to open nearby.
You don't know any spells.
It was a potion of degeneration.
There was something very wrong with that liquid.
You feel weakened.
You feel dopey.
You feel clumsy.
* * * LOW HITPOINT WARNING * * *
You feel sick. The killer bee barely misses you.
The killer bee stings the killer bee.
The killer bee stings you.
You die...

.(# ....# .
##
#....####.
. ........
#.> #.#.#.#
.#
#.....####.
..###
#>yy@..#..
# .# #
#..y.....#
## .# ..
#..#.#.#>#
.##.##...
##†#....# #
..#.....
#.###...#
#.#..#
##.#....#
.#...#
##.#####.
#.#.##
#.......
..#.#
#.######


You could see 3 killer bees.

Vanquished Creatures
  4 two-headed ogres (D:8)
  The ghost of Flogoulo the Fighter, a novice OgGl (D:7)
  Pikel (D:8)
  The ghost of psyvane the Martial Artist, a novice OpTm of Fedhas (D:7)
  The ghost of Folque the Charmwright, a novice CeSk of Wu Jian (D:7)
  Psyche (D:8)
  A queen bee (D:8)
  Sigmund (D:3)
  A wyvern (D:7)
  Menkaure (D:7)
  An orc warrior (D:8)
  An ice beast (D:8)
  2 sky beasts
  2 slaves (D:8)
  3 ogres
  5 centaurs
  A big kobold (D:8)
  3 bullfrogs
  A gnoll sergeant (D:8)
  A scorpion (D:8)
  7 killer bees (D:8)
  A wight (D:8)
  2 crimson imps
  A bullfrog zombie (D:6)
  2 hounds
  4 iguanas
  6 bullfrog skeletons
  2 orc priests (D:8)
  An orc wizard (D:3)
  10 worker ants
  A hound zombie (D:8)
  2 hound skeletons
  A worker ant zombie (D:6)
  Robin (D:2)
  A howler monkey zombie (D:7)
  10 adders
  A howler monkey skeleton (D:5)
  4 shadow imps
  2 oozes
  2 adder skeletons
  An adder zombie (D:8)
  4 worms
  3 dart slugs
  4 leopard geckos
  15 orcs
  5 bats
  6 giant cockroaches
  7 hobgoblins
  A jackal (D:8)
  8 kobolds
  2 quokkas
  5 frilled lizards
  15 goblins
  2 quokka skeletons (D:7)
  A quokka zombie (D:6)
  5 rats
178 creatures vanquished.

Vanquished Creatures (others)
  2 slaves (D:8)
  A bullfrog (D:8)
  An adder skeleton (D:8)
  An orc (D:8)
  A jackal (D:8)
  A kobold (D:8)
  2 withered plants (D:7)
9 creatures vanquished.

Grand Total: 187 creatures vanquished

Notes
Turn   | Place    | Note
-------+----------+-------------------------------------------
     0 | D:1      | psyvane the Demonspawn Wanderer began the quest for the
                  | Orb.
     0 | D:1      | psyvane set off with the following items: a +0 short sword,
                  | a +2 scale mail, a potion of curing, a +0 dagger, a ration
     0 | D:1      | Reached XP level 1. HP: 19/19 MP: 1/1
   271 | D:1      | Reached skill level 1 in Dodging
   557 | D:1      | Gained mutation: You have a pair of small antennae on your
                  | head. [demonic ancestry]
   557 | D:1      | Reached XP level 2. HP: 25/25 MP: 2/2
  1176 | D:2      | Reached XP level 3. HP: 30/30 MP: 3/3
  1191 | D:2      | Reached skill level 1 in Maces & Flails
  1194 | D:2      | Noticed Robin
  1226 | D:2      | Killed Robin
  1463 | D:2      | Reached skill level 2 in Maces & Flails
  1509 | D:2      | Gained mutation: You have a pair of antennae on your head.
                  | [demonic ancestry]
  1509 | D:2      | Reached XP level 4. HP: 33/37 MP: 4/4
  1540 | D:2      | Found an opulent altar of Gozag.
  2192 | D:2      | Found a sacrificial altar of Ru.
  2457 | D:3      | Reached skill level 3 in Maces & Flails
  2461 | D:3      | Gained mutation: You are slightly more attuned to the
                  | shadows. [demonic ancestry]
  2461 | D:3      | Reached XP level 5. HP: 42/42 MP: 5/5
  2910 | D:3      | Noticed Sigmund
  2920 | D:3      | Killed Sigmund
  2920 | D:3      | Reached skill level 5 in Maces & Flails
  2920 | D:3      | Reached XP level 6. HP: 47/48 MP: 6/6
  3278 | D:4      | Found an ancient bone altar of Kikubaaqudgha.
  3773 | D:4      | Reached skill level 6 in Maces & Flails
  4050 | D:4      | Gained mutation: You are surrounded by a mild repulsion
                  | field. (EV +2) [demonic ancestry]
  4050 | D:4      | Reached XP level 7. HP: 54/54 MP: 7/7
  4082 | D:4      | Found a shimmering altar of Xom.
  4100 | D:4      | Found a radiant altar of Vehumet.
  4102 | D:4      | Found an iron altar of Okawaru.
  4118 | D:4      | Found a sparkling altar of Nemelex Xobeh.
  4177 | D:5      | Entered Level 5 of the Dungeon
  4362 | D:5      | Reached skill level 7 in Maces & Flails
  4952 | D:6      | Found a staircase to the Ecumenical Temple.
  4979 | Temple   | Entered the Ecumenical Temple
  5086 | Temple   | Became a worshipper of Uskayaw the Reveler
  5291 | D:6      | Found a basalt altar of Yredelemnul.
  5301 | D:6      | Reached * piety under Uskayaw
  5304 | D:6      | Reached skill level 8 in Maces & Flails
  5304 | D:6      | Gained mutation: You are surrounded by a moderate repulsion
                  | field. (EV +3) [demonic ancestry]
  5304 | D:6      | Reached XP level 8. HP: 43/60 MP: 8/8
  5306 | D:6      | Reached ** piety under Uskayaw
  5398 | D:6      | Found a runed translucent door.
  6161 | D:6      | Noticed Pneumon's ghost (novice MiBe)
  6206 | D:7      | Reached skill level 9 in Maces & Flails
  6479 | D:7      | Found Kurum's Weapon Emporium.
  6483 | D:7      | Found a runed translucent gate.
  6512 | D:7      | Found a runed translucent gate.
  6513 | D:7      | Found a runed translucent gate.
  6514 | D:7      | Noticed Folque's ghost (novice CeSk)
  6514 | D:7      | Noticed Flogoulo's ghost (novice OgGl)
  6514 | D:7      | Noticed psyvane's ghost (novice OpTm)
  6623 | D:7      | Found a burning altar of Makhleb.
  6727 | D:7      | Noticed Menkaure
  6743 | D:7      | Killed Menkaure
  6743 | D:7      | Reached skill level 10 in Maces & Flails
  7299 | D:7      | Reached *** piety under Uskayaw
  7300 | D:7      | Killed Flogoulo's ghost
  7300 | D:7      | Reached skill level 11 in Maces & Flails
  7300 | D:7      | Gained mutation: You have a pair of large antennae on your
                  | head. (SInv) [demonic ancestry]
  7300 | D:7      | Reached XP level 9. HP: 62/65 MP: 9/9
  7301 | D:7      | Reached **** piety under Uskayaw
  7305 | D:7      | Killed psyvane's ghost
  7305 | D:7      | Reached ***** piety under Uskayaw
  7310 | D:7      | Killed Folque's ghost
  7310 | D:7      | Reached skill level 12 in Maces & Flails
  7558 | D:8      | Noticed Pikel
  7568 | D:8      | Noticed a two-headed ogre
  7579 | D:8      | Killed Pikel
  7579 | D:8      | Reached skill level 5 in Invocations
  7579 | D:8      | Reached XP level 10. HP: 54/71 MP: 11/14
  7589 | D:8      | Noticed a two-headed ogre
  7611 | D:8      | Killed a two-headed ogre
  7621 | D:8      | Killed a two-headed ogre
  7655 | D:8      | Noticed a two-headed ogre
  7671 | D:8      | Killed a two-headed ogre
  7671 | D:8      | Reached skill level 5 in Fighting
  7824 | D:8      | Noticed Psyche
  7824 | D:8      | Noticed a two-headed ogre
  7850 | D:8      | Killed Psyche
  7875 | D:8      | Killed a two-headed ogre
  8013 | D:8      | Found a staircase to the Lair.
  8016 | D:8      | Reached ****** piety under Uskayaw
  8070 | D:8      | Reached XP level 11. HP: 63/86 MP: 17/17
  8342 | D:8      | HP: 3/86 [killer bee (3)]
  8343 | D:8      | Slain by a killer bee

Skill      XL: |  1  2  3  4  5  6  7  8  9 10 |
---------------+-------------------------------+-----
Dodging        | 1 2 |  2.3
Maces & Flails | 2 3 5 6 8 11 12 | 12.2
Invocations    | 5 9 |  9.2
Fighting       | 8 |  8.2
Short Blades   | |  1.0
Throwing       | |  1.0
Armour         | |  1.7
Stealth        | |  1.7

Action                   |  1- 3 |  4- 6 |  7- 9 | 10-12 || total
-------------------------+-------+-------+-------+-------++-------
Melee: Short sword       |    60 |       |       |       ||    60
       Whip              |    57 |   140 |   243 |   117 ||   557
       Morningstar       |       |       |       |    63 ||    63
Invok: Stomp             |       |       |     2 |     2 ||     4
       Line Pass         |       |       |       |     1 ||     1
 Abil: Evoke Berserk Rag |       |     1 |     3 |     1 ||     5
Evoke: Wand              |       |       |       |     2 ||     2
  Use: Scroll            |     1 |     2 |     6 |       ||     9
       Potion            |       |     2 |     5 |     6 ||    13
 Stab: Sleeping          |       |       |     1 |       ||     1
       Paralysed         |       |       |     3 |    11 ||    14
  Eat: Chunk             |     2 |     7 |    14 |     2 ||    25
       Ration            |       |       |     1 |       ||     1
Armor: Scale mail        |    51 |    39 |    37 |       ||   127
       Plate armour      |       |       |    33 |    70 ||   103
Dodge: Dodged            |    63 |    60 |    90 |    70 ||   283
